 Dungeon Crawl Stone Soup version 0.21-a0-401-g0b6bec4 (webtiles) character file.

5527 Kavrick the Carver (level 10, -1/79 HPs)
             Began as a Demonspawn Fighter on Oct 21, 2017.
             Was a Priest of Makhleb.
             Slain by a troll (8 damage)
             ... on level 9 of the Dungeon.
             The game lasted 00:20:14 (9078 turns).

Kavrick the Carver (Demonspawn Fighter)             Turns: 9078, Time: 00:20:14

Health: -1/79      AC: 16    Str: 20    XL:     10   Next: 43%
Magic:  15/15      EV:  6    Int: 10    God:    Makhleb [***...]
Gold:   574        SH: 10    Dex: 12    Spells: 9/9 levels left

rFire    . . .     SeeInvis .   a - +0 long sword
rCold    . . .     Gourm    .   c - +0 shield
rNeg     . . .     Faith    .   D - +0 chain mail
rPois    .         Spirit   .   t - +1 helmet
rElec    .         Reflect  .   (no cloak)
rCorr    +         Harm     .   (no gloves)
MR       +....                  (no boots)
Stlth    ..........             (no amulet)
HPRegen  0.23/turn              g - ring of protection from magic
MPRegen  0.14/turn              (no ring)

@: no status effects
A: talons 1, yellow scales 3, powered by death 2, rot immunity
a: Minor Destruction, Lesser Servant of Makhleb, Renounce Religion


You were on level 9 of the Dungeon.
You worshipped Makhleb.
Makhleb was most pleased with you.
You were not hungry.

You visited 1 branch of the dungeon, and saw 9 of its levels.

You collected 574 gold pieces.

Inventory:

Hand Weapons
 a - a +0 long sword (weapon)
Armour
 c - a +0 shield (worn)
 t - a +1 helmet (worn)
 D - a +0 chain mail (worn)
Jewellery
 g - a ring of protection from magic (left hand)
Wands
 q - a wand of iceblast (5/15)
 H - a wand of lightning (8/15)
 L - a wand of acid (7/15)
Scrolls
 h - a scroll of fog {unknown}
 j - 3 scrolls of remove curse
 n - 2 scrolls of blinking {unknown}
 p - 9 scrolls of identify
 r - a scroll of enchant weapon {unknown}
 u - 2 scrolls of immolation {unknown}
 v - 3 scrolls of amnesia {unknown}
 x - 2 scrolls of enchant armour {unknown}
 y - a scroll of noise {unknown}
 C - 2 scrolls of teleportation {unknown}
 G - 2 scrolls of recharging {unknown}
 I - 2 scrolls of fear {unknown}
Potions
 d - 3 potions of might
 e - 4 potions of curing
 i - 3 potions of haste
 l - 4 potions of agility
 m - a potion of ambrosia {unknown}
 s - 5 potions of flight
 w - 4 potions of mutation {unknown}
 A - 3 potions of berserk rage {unknown}
 B - 2 potions of lignification {unknown}
 E - a potion of degeneration {unknown}
 K - a potion of heal wounds {unknown}
Books
 b - a book of Changes

   Spells                             Type                      Level
   a - Beastly Appendage              Transmutation                1
   b - Sticks to Snakes               Transmutation                2
   c - Spider Form                    Transmutation/Poison         3
   d - Ice Form                       Ice/Transmutation            4
   e - Blade Hands                    Transmutation                5
 F - a book of Clouds

   Spells                             Type                      Level
   a - Poisonous Vapours              Poison/Air                   2
   b - Mephitic Cloud                 Conjuration/Poison/Air       3
   c - Conjure Flame                  Conjuration/Fire             3
   d - Freezing Cloud                 Conjuration/Ice/Air          6
   e - Ring of Flames                 Charms/Fire                  7
 M - a book of Maledictions

   Spells                             Type                      Level
   a - Corona                         Hexes                        1
   b - Ensorcelled Hibernation        Hexes/Ice                    2
   c - Confuse                        Hexes                        3
   d - Tukima's Dance                 Hexes                        3
   e - Dazzling Spray                 Conjuration/Hexes            3
Comestibles
 f - 13 bread rations
 k - 6 royal jellies
 o - 4 fruits
 z - 5 meat rations
 J - a chunk of flesh


   Skills:
 + Level 7.1 Fighting
 * Level 8.7 Long Blades
 + Level 6.4 Armour
 + Level 6.5 Shields
 + Level 7.6 Invocations


You had 9 spell levels left.
You didn't know any spells.

Dungeon Overview and Level Annotations

Branches:
Dungeon (9/15)             Temple (0/1) D:5            Lair (0/6) D:9
    Orc: D:9-12

Altars:
Ashenzari
Cheibriados
Dithmenos
Fedhas
Makhleb
Nemelex Xobeh
Okawaru
Ru
Vehumet
Zin

Shops:
D:7 :


Innate Abilities, Weirdness & Mutations

You have sharp toenails.
You are completely covered in yellow scales. (AC +4, rCorr)
You regenerate health from kills.
You are immune to rotting.


Message History

Press: ? - help, Shift-Dir - straight line, f/p - troll
Aim: a troll (moderately wounded)
The zap misses the troll.
You block the troll's attack. The troll claws you but does no damage.
The troll claws you!
* * * LOW HITPOINT WARNING * * *
Press: ? - help, Shift-Dir - straight line, f/p - troll
Aim: a troll (moderately wounded)
The puff of flame hits the troll.
The troll is heavily wounded.
You block the troll's attack. The troll claws you but does no damage.
You block the troll's attack.
A demon appears!
You can no longer hurl Makhleb's greater destruction.
You block the troll's attack. The troll claws you.
* * * LOW HITPOINT WARNING * * *
The troll claws you but does no damage. The troll bites you.
* * * LOW HITPOINT WARNING * * *
You block the troll's attack. The troll claws you!
You die...

.####..........#########.........
.# ################## ########.#
.# #.....(..........# #.# .#
##.#####.########.# #.# .# #..
#.#'########.# #.# .# #.#
#.........##.# #.# .# #.#
##.......3.##.# #.#
.###.###..#.#.....##.##########.#
>(..).(.........@T...............
.##..#....#.#.#.#.##.............
.##.##...)......#.##.#..≈..≈≈...≈
.#..##.......####.##.#...≈≈≈≈.≈.≈
.#.###.#.#..... ..#....T≈≈≈≈≈.≈.≈
.#. ###.#############...≈≈≈≈.≈≈≈
.#. #.# ...............≈≈≈.≈≈≈
.#. .# '##########..≈†≈≈≈.≈≈≈ .#
#..≈≈≈....≈≈


You could see a troll and a friendly smoke demon.

Vanquished Creatures
  4 yaks (D:9)
  Sigmund (D:5)
  A hungry ghost (D:8)
  2 sky beasts (D:7)
  2 orc warriors (D:6)
  An ice beast (D:7)
  A black bear (D:9)
  2 ogres
  A wolf (D:9)
  2 centaurs (D:6)
  2 big kobolds (D:9)
  2 bullfrogs
  A gnoll sergeant (D:5)
  A water moccasin zombie (D:9)
  5 killer bees (D:9)
  The ghost of Dustman the Ducker, a weakling MfSk (D:3)
  2 howler monkeys
  2 electric eels (D:9)
  2 crimson imps
  A bullfrog zombie (D:5)
  An orc priest (D:7)
  11 hounds
  2 jellies
  7 orc wizards
  Natasha (thrice) (D:3)
  A centaur skeleton (D:5)
  An iguana (D:4)
  Ijyb (D:5)
  7 worker ants
  A hound skeleton (D:7)
  A worker ant zombie (D:7)
  3 gnolls (D:5)
  17 adders
  A shadow imp (D:9)
  3 oozes
  3 worms
  A dart slug (D:2)
  3 leopard geckos
  24 orcs
  2 ball pythons
  8 giant cockroaches
  8 goblins
  8 hobgoblins
  10 jackals
  3 quokkas
  8 bats
  6 frilled lizards
  A jackal zombie (D:8)
  11 kobolds
  A quokka skeleton (D:8)
  8 rats
  A plant (D:1)
202 creatures vanquished.

Vanquished Creatures (collateral kills)
  Gastronok (D:8)
  A two-headed ogre (D:9)
  A steam dragon (D:8)
  A black bear (D:8)
  A wolf (D:9)
  A centaur (D:9)
  An electric eel (D:9)
  An orc priest (D:7)
  An orc (D:7)
  A kobold (D:9)
10 creatures vanquished.

Grand Total: 212 creatures vanquished

Notes
Turn   | Place    | Note
-------+----------+-------------------------------------------
     0 | D:1      | Kavrick the Demonspawn Fighter began the quest for the Orb.
     0 | D:1      | Reached XP level 1. HP: 18/18 MP: 1/1
    67 | D:1      | Reached skill level 2 in Long Blades
   140 | D:1      | Gained mutation: You regenerate a little health from kills. [demonic ancestry]
   140 | D:1      | Reached XP level 2. HP: 23/24 MP: 2/2
   705 | D:1      | Reached XP level 3. HP: 29/29 MP: 3/3
   810 | D:2      | Found a snail-covered altar of Cheibriados.
  1069 | D:2      | Found a sacrificial altar of Ru.
  1105 | D:2      | Gained mutation: You regenerate health from kills. [demonic ancestry]
  1105 | D:2      | Reached XP level 4. HP: 32/35 MP: 4/4
  1296 | D:2      | Reached skill level 3 in Long Blades
  1612 | D:2      | Found a burning altar of Makhleb.
  1618 | D:2      | Found a glowing silver altar of Zin.
  1618 | D:2      | Noticed an angel
  1618 | D:2      | Noticed an Executioner
  1621 | D:2      | Became a worshipper of Makhleb the Destroyer
  1942 | D:2      | Found a sparkling altar of Nemelex Xobeh.
  2139 | D:3      | Reached XP level 5. HP: 41/41 MP: 5/5
  2279 | D:3      | Noticed Natasha
  2298 | D:3      | Killed Natasha
  2498 | D:3      | Reached * piety under Makhleb
  2585 | D:3      | Noticed Natasha
  2599 | D:3      | Killed Natasha
  2682 | D:3      | Noticed Natasha
  2694 | D:3      | Killed Natasha
  2694 | D:3      | Reached skill level 1 in Invocations
  2735 | D:3      | Noticed Dustman's ghost (weakling MfSk)
  2757 | D:3      | Killed Dustman's ghost
  2757 | D:3      | Gained mutation: You are partially covered in yellow scales. (AC +2) [demonic ancestry]
  2757 | D:3      | Reached XP level 6. HP: 39/48 MP: 5/7
  3029 | D:4      | Reached skill level 4 in Long Blades
  3623 | D:4      | Gained mutation: You are mostly covered in yellow scales. (AC +3) [demonic ancestry]
  3623 | D:4      | Reached XP level 7. HP: 53/54 MP: 8/8
  3877 | D:5      | Entered Level 5 of the Dungeon
  3878 | D:5      | Reached ** piety under Makhleb
  3880 | D:5      | Noticed Sigmund
  4103 | D:5      | Found a staircase to the Ecumenical Temple.
  4171 | D:5      | Found a burning altar of Makhleb.
  4357 | D:5      | Noticed Ijyb
  4380 | D:5      | Killed Ijyb
  4380 | D:5      | Reached skill level 5 in Long Blades
  4409 | D:5      | Found a blossoming altar of Fedhas.
  4427 | D:5      | Found a shattered altar of Ashenzari.
  4761 | D:5      | Killed Sigmund
  4788 | D:5      | Gained mutation: You have sharp toenails. [demonic ancestry]
  4788 | D:5      | Reached XP level 8. HP: 61/61 MP: 10/10
  5299 | D:6      | Reached skill level 5 in Fighting
  5816 | D:7      | Reached skill level 6 in Long Blades
  5840 | D:7      | Reached skill level 5 in Shields
  6132 | D:7      | Found an iron altar of Okawaru.
  6158 | D:7      | Reached skill level 5 in Armour
  6158 | D:7      | Reached skill level 5 in Invocations
  6293 | D:6      | Reached *** piety under Makhleb
  6636 | D:7      | Gained mutation: You are completely covered in yellow scales. (AC +4, rCorr) [demonic ancestry]
  6636 | D:7      | Reached XP level 9. HP: 69/69 MP: 11/13
  6766 | D:7      | Found Ibiys's Book Boutique.
  7500 | D:8      | Found a radiant altar of Vehumet.
  7551 | D:8      | Noticed Gastronok
  7566 | D:8      | Killed Gastronok
  7566 | D:8      | Reached skill level 7 in Long Blades
  7848 | D:9      | Found a shadowy altar of Dithmenos.
  7988 | D:9      | Reached skill level 8 in Long Blades
  8138 | D:9      | Gained mutation: You are immune to rotting. [demonic ancestry]
  8138 | D:9      | Reached XP level 10. HP: 77/77 MP: 15/15
  8376 | D:9      | Noticed a two-headed ogre
  8383 | D:9      | Killed a two-headed ogre
  8512 | D:9      | HP: 1/79 [electric eel/bolt of electricity (12)]
  8785 | D:9      | Found a staircase to the Lair.
  9034 | D:9      | Reached **** piety under Makhleb
  9078 | D:9      | Slain by a troll

Vault maps used:
D:1:      minmay_arrival_stone_box, serial_bayou_ford_a, hangedman_decor_lopped,
          minmay_misc_feat_encased
D:2:      grunt_temple_overflow_order_and_chaos_2, cheibriados_altar_1,
          nicolae_overflow_hidden_temple, nicolae_ru_sacrificial_ziggurat
D:3:      uniq_natasha
D:4:      minmay_misc_feat_doors
D:5:      evilmike_ruin_ashenzari, lemuel_doored_altar,
          minmay_temple_entry_statues, first_bread,
          eino_small_chamber_without_monster, nrook_mini_backslash,
          serial_park_tiny_2, bloody_makhleb, uniq_sigmund, uniq_ijyb
D:7:      okawaru_trees_2, serial_shops, nicolae_shop_statue_plus,
          grunt_ogre_cave, hangedman_minor_gate_pass
D:8:      basic_altar, uniq_gastronok
D:9:      amethyst_overflow_temple_binary, nicolae_overflow_crystal_walls,
          erik_lair_island, serial_co_window_serial, co_window_of_opportunity_a,
          co_window_corner_a, co_window_paths_a, co_window_of_opportunity_a,
          co_window_corner_a, co_window_unsneaky_path_e,
          co_window_of_opportunity_c, co_window_of_opportunity_b,
          co_window_of_opportunity_b, co_window_cross_2, co_window_paths_d,
          glass_columns_b, glass_columns_b, glass_columns_a, glass_columns_a

Skill      XL: |  1  2  3  4  5  6  7  8  9 10 |
---------------+-------------------------------+-----
Long Blades    | 2 3 4 5 6 8 |  8.7
Armour         | 3 4 5 6 |  6.4
Shields        | 3 4 5 6 |  6.5
Invocations    | 1 2 3 5 6 7 |  7.6
Fighting       | 4 5 6 7 |  7.1

Action                   |  1- 3 |  4- 6 |  7- 9 | 10-12 || total
-------------------------+-------+-------+-------+-------++-------
Melee: Long sword        |   152 |   289 |   368 |    67 ||   876
       Kick              |       |       |    59 |    20 ||    79
Invok: Minor Destruction |       |       |   128 |    76 ||   204
       Lesser Servant of |       |       |     3 |     3 ||     6
  Use: Scroll            |       |       |     6 |       ||     6
       Potion            |       |       |       |     1 ||     1
  Eat: Chunk             |     1 |     9 |    17 |     3 ||    30
Armor: Scale mail        |    50 |   152 |     5 |       ||   207
       Chain mail        |       |       |   254 |    42 ||   296
Dodge: Dodged            |    36 |    83 |    75 |    28 ||   222
Block: Shield            |    51 |   163 |   175 |    46 ||   435
       Rpst.: Long sword |    13 |    29 |    20 |     4 ||    66

Table legend:
 A = Spawn XP
 B = Non-spawn XP
 C = Spawn XP percentage of total XP
 D = Spawn monster count
 E = Non-spawn monster count
 F = Spawn count percentage of total count
 G = Total turns spent on level
                    A         B        C        D         E        F      G
               +---------+---------+-------+---------+---------+-------+---------
         Total |       0 |    7896 |   0.0 |       0 |     211 |   0.0 |  9078
               +---------+---------+-------+---------+---------+-------+---------
           D:1 |       0 |      78 |   0.0 |       0 |      27 |   0.0 |  1033
           D:2 |       0 |      64 |   0.0 |       0 |      23 |   0.0 |  1032
           D:3 |       0 |     383 |   0.0 |       0 |      28 |   0.0 |  1213
           D:4 |       0 |     297 |   0.0 |       0 |      22 |   0.0 |   651
           D:5 |       0 |     668 |   0.0 |       0 |      25 |   0.0 |  1023
           D:6 |       0 |     805 |   0.0 |       0 |      12 |   0.0 |  1172
           D:7 |       0 |    1075 |   0.0 |       0 |      27 |   0.0 |  1307
           D:8 |       0 |    1860 |   0.0 |       0 |      11 |   0.0 |   412
           D:9 |       0 |    2666 |   0.0 |       0 |      36 |   0.0 |  1235
               +---------+---------+-------+---------+---------+-------+---------
